 Dungeon Crawl Stone Soup version 0.29.1-2-gbd0b4ee654 (webtiles) character file.

Game seed: 14217443697615141182

9 GorkyZ the Ducker (level 2, -2/22 HPs)
             Began as a Demonspawn Gladiator on Nov 20, 2022.
             Slain by a gnoll
             ... wielding a +0 flail
              (3 damage)
             ... on level 1 of the Dungeon.
             The game lasted 00:00:46 (146 turns).

GorkyZ the Ducker (Demonspawn Gladiator)             Turns: 146, Time: 00:00:47

Health: -2/22      AC:  4    Str: 14    XL:     2   Next: 3%
Magic:  2/2        EV: 12    Int:  9    God:
Gold:   0          SH:  0    Dex: 14    Spells: 1/1 levels left

rFire   . . .      SeeInvis .   a - +0 trident
rCold   . . .      Faith    .   (no shield)
rNeg    . . .      Spirit   .   b - +0 leather armour
rPois   .          Reflect  .   c - +0 helmet
rElec   .          Harm     .   (no cloak)
rCorr   .          Rampage  .   (no gloves)
Will    .....                   (no boots)
Stlth   +.........              (no amulet)
HPRegen 0.07/turn               (no ring)
MPRegen 0.16/turn               (no ring)

@: no status effects
A: magic regeneration
a: no special abilities


You were on level 1 of the Dungeon.
You visited 1 branch of the dungeon, and saw 1 of its levels.

Inventory:

Hand Weapons
 a - a +0 trident (weapon)
Missiles
 d - 3 throwing nets (quivered)
 e - a javelin
Armour
 b - a +0 leather armour (worn)
 c - a +0 helmet (worn)
Potions
 f - 2 potions of cancellation {unknown}
 g - a potion of mutation {unknown}


   Skills:
 + Level 2.2 Fighting
 + Level 2.8 Polearms
 + Level 2.0 Throwing
 + Level 0.0 Armour
 + Level 2.8 Dodging


You had one spell level left.
You didn't know any spells.
Your spell library was empty.

Dungeon Overview and Level Annotations

Branches:
Dungeon (1/15)

Altars:


Innate Abilities, Weirdness & Mutations

You regenerate magic rapidly.


Message History

You barely miss the hobgoblin. The hobgoblin barely misses you.
You hit the hobgoblin.
The hobgoblin is almost dead.
The hobgoblin completely misses you.
You barely miss the hobgoblin.
The hobgoblin is almost dead.
The hobgoblin hits you but does no damage.
The hobgoblin closely misses you.
You hit the hobgoblin.
You kill the hobgoblin!
The hobgoblin misses you.
You hit the hobgoblin.
The hobgoblin is severely wounded.
The hobgoblin closely misses you. x2
You hit the hobgoblin.
You kill the hobgoblin!
Your Throwing skill increases to level 2!
You have reached level 2!
Your demonic ancestry asserts itself...
Your magic begins to regenerate rapidly.
A gnoll comes into view. It is wielding a +0 flail.
The gnoll shouts!
You hear an angry hiss.
A ball python comes into view.
The ball python moves out of view.
A gnoll is nearby!
Found 3 gold pieces.
A goblin comes into view. It is wielding a +0 club.
A rat comes into view.
The goblin moves out of view.
You puncture the ball python!
You kill the ball python!
You hit the gnoll but do no damage. The gnoll closely misses you.
You barely miss the gnoll. The gnoll hits you with a +0 flail!
You hit the gnoll but do no damage. The gnoll misses you.
You closely miss the gnoll. The gnoll hits you with a +0 flail!
Ouch! That really hurt!
* * * LOW HITPOINT WARNING * * *
Unknown command.
You barely miss the gnoll. The gnoll hits you with a +0 flail.
You die...

....... ..$.... ......
....... ..... ..
.......###...#...#####
........##...#........
........##...#.......#
.....r†.##...#........
....^.g@##...#........
......................
#####+#...#...........
#......#.....>.....
#......####........
#......####......#.
#..........#.....#
+................#
####...†...........####


You could see a gnoll and a rat.

Vanquished Creatures
  3 ball pythons (D:1)
  2 hobgoblins (D:1)
  2 jackals (D:1)
  A frilled lizard (D:1)
8 creatures vanquished.

Notes
Turn   | Place    | Note
-------+----------+-------------------------------------------
     0 | D:1      | GorkyZ the Demonspawn Gladiator began the quest for the
                  | Orb.
     0 | D:1      | Reached XP level 1. HP: 16/16 MP: 1/1
   133 | D:1      | Gained mutation: You regenerate magic rapidly. [demonic
                  | ancestry]
   133 | D:1      | Reached XP level 2. HP: 22/22 MP: 2/2
   145 | D:1      | HP: 1/22 [gnoll/+0 flail (13)]
   146 | D:1      | Slain by a gnoll

Illustrated notes

Levels and vault maps discovered:
D:1:      spicycebolla_arrival_ecumenical, layout_basic

Skill      XL: |  1 |
---------------+----+-----
Throwing       | 2 |  2.0
Fighting       | |  2.2
Polearms       | |  2.8
Dodging        | |  2.8

Action                   || total
-------------------------++-------
Melee: Trident           ||    25
Armor: Leather armour    ||     4
Dodge: Dodged            ||    20
